 Dungeon Crawl Stone Soup version 0.22.1-6-g1668fe2 (webtiles) character file.

182 Fang the Skirmisher (level 5, -8/34 HPs)
             Began as a Gargoyle Berserker on Jan 17, 2019.
             Was a Believer of Trog.
             Mangled by an iguana (11 damage)
             ... on level 2 of the Dungeon.
             The game lasted 00:01:54 (2034 turns).

Fang the Skirmisher (Gargoyle Berserker)            Turns: 2034, Time: 00:01:55

Health: -8/34      AC:  6    Str: 21    XL:     5   Next: 62%
Magic:  5/5        EV: 12    Int:  8    God:    Trog [**....]
Gold:   102        SH:  0    Dex:  9    Spells: 4/4 levels left

rFire    . . .     SeeInvis .   a - +0 hand axe
rCold    . . .     Gourm    .   (no shield)
rNeg     + . .     Faith    .   b - +0 animal skin
rPois    ∞         Spirit   .   (no helmet)
rElec    +         Reflect  .   (no cloak)
rCorr    .         Harm     .   (no gloves)
MR       .....                  (no boots)
Stlth    +.........             (no amulet)
HPRegen  0.11/turn              (no ring)
MPRegen  0.09/turn              (no ring)

@: berserk cooldown, slowed, very slow
A: negative energy resistance 1, electricity resistance, unbreathing,
petrification resistance, rot immunity, AC +4
a: Berserk, Trog's Hand, Renounce Religion


You were on level 2 of the Dungeon.
You worshipped Trog.
Trog was pleased with you.
You were not hungry.

You visited 1 branch of the dungeon, and saw 3 of its levels.

You collected 102 gold pieces.

Inventory:

Hand Weapons
 a - a +0 hand axe (weapon)
Armour
 b - a +0 animal skin (worn)
Scrolls
 d - a scroll of enchant weapon {unknown}
 e - a scroll of teleportation {unknown}
 g - 2 scrolls of remove curse {unknown}
 h - 2 scrolls of immolation {unknown}
 l - a scroll of magic mapping {unknown}
 o - a scroll of identify {unknown}
Potions
 f - a potion of mutation {unknown}
 i - a potion of magic {unknown}
 j - a potion of ambrosia {unknown}
 k - a potion of cancellation {unknown}
 m - a potion of heal wounds {unknown}
 n - 2 potions of invisibility {unknown}
 p - a potion of degeneration {unknown}
Comestibles
 c - 2 rations


   Skills:
 + Level 4.5 Fighting
 + Level 4.0 Axes
 + Level 2.5 Armour
 + Level 2.6 Dodging
 + Level 0.1 Stealth


You had 4 spell levels left.
You didn't know any spells.
Your spell library was empty.

Dungeon Overview and Level Annotations

Branches:
Dungeon (3/15)

Altars:
Okawaru


Innate Abilities, Weirdness & Mutations

You are resistant to torment.
Your stone body is resilient. (AC +4)
You are immune to poison.
You resist negative energy. (rN+)
You are resistant to electric shocks. (rElec)
You can survive without breathing.
You are immune to petrification.
You are immune to rotting.


Message History

You are exhausted.
You feel yourself slow down. The kobold completely misses you.
The kobold closely misses you. The kobold hits you with a dagger.
The kobold barely misses you. The kobold completely misses you.
The iguana misses you. The kobold misses you.
There is a stone staircase leading up here.
The iguana bites you. The kobold hits you but does no damage.
The iguana barely misses you.
You climb upwards.
There is a stone staircase leading down here.
Unknown command.
The kobold hits you but does no damage. x2
The kobold closely misses you. The iguana bites you!
* * * LOW HITPOINT WARNING * * *
You eat one of the 3 rations.
That ration really hit the spot!
The kobold hits you but does no damage. The iguana bites you!
You die...

#.# ####.#### #..# #.# #.# #.##
##.#########.########.#####
#..................#......# ##
#..#.#.######.####.#..###.# ##.
#(............####(#..###.#####.#
.....#.#.###..#.......#.......#.#
#.##.#.#.......K##.#.##.#.###.#.#
#......#####..>l@..#.##.#.# #....
..##.### ##.#######......# #####
#.##.# #...# ####...# #.##.###
#...# ###.# .......# #...#######
#.# .#####.# #.........# #.# ####
.# #.####...#####<# #.# #... .#
#..............#####.####... .#
#..>.....................†..


You could see an iguana and a kobold.

Vanquished Creatures
  An orc priest (D:3)
  Natasha (D:3)
  3 adders (D:2)
  4 gnolls (D:2)
  An ooze (D:1)
  A worm (D:2)
  2 dart slugs
  2 leopard geckos (D:2)
  2 orcs (D:3)
  A bat (D:2)
  2 giant cockroaches
  5 goblins
  8 hobgoblins
  2 jackals (D:1)
  7 kobolds
  A quokka (D:3)
  A ball python (D:1)
  A frilled lizard (D:1)
  8 rats
53 creatures vanquished.

Notes
Turn   | Place    | Note
-------+----------+-------------------------------------------
     0 | D:1      | Fang the Gargoyle Berserker began the quest for the Orb.
     0 | D:1      | Reached XP level 1. HP: 14/14 MP: 1/1
    46 | D:1      | Reached XP level 2. HP: 18/19 MP: 2/2
   634 | D:1      | Reached XP level 3. HP: 20/24 MP: 3/3
  1036 | D:2      | Reached ** piety under Trog
  1038 | D:2      | Reached XP level 4. HP: 18/29 MP: 4/4
  1596 | D:2      | Found an iron altar of Okawaru.
  1714 | D:2      | Reached XP level 5. HP: 21/34 MP: 5/5
  1998 | D:3      | Noticed Natasha
  2009 | D:3      | Killed Natasha
  2034 | D:2      | Mangled by an iguana

Skill      XL: |  1  2  3  4  5 |
---------------+----------------+-----
Axes           | 3 4 |  4.0
Dodging        | 2 |  2.6
Fighting       | 4 |  4.5
Armour         | |  2.5
Stealth        | |  0.1

Action                   |  1- 3 |  4- 6 || total
-------------------------+-------+-------++-------
Melee: Hand axe          |   101 |    91 ||   192
Invok: Berserk           |     1 |     1 ||     2
  Eat: Chunk             |       |     4 ||     4
       Ration            |       |     1 ||     1
Armor: Animal skin       |    45 |    31 ||    76
Dodge: Dodged            |    56 |    74 ||   130
